 Dungeon Crawl Stone Soup version 0.31-a0-408-gb642c7f9a3 (webtiles) character file.

Game seed: 17975798240149299222

39 senseless the Changeling (level 3, -2/40 HPs)
             Began as a Merfolk Shapeshifter on July 29, 2023.
             Succumbed to a goblin's poison
             ... on level 3 of the Dungeon.
             The game lasted 00:03:07 (1298 turns).

senseless the Changeling (Merfolk Shapeshifter)     Turns: 1298, Time: 00:03:07

Health: -2/40      AC: 21    Str: 17    XL:     3   Next: 45%
Magic:  3/3        EV:  2    Int: 13    God:
Gold:   167        SH:  0    Dex: 14    Spells: 2/2 levels left

rFire   . . .        d - +2 dagger (venom)
rCold   . . .        (no shield)
rNeg    . . .        g - melded +0 plate armour
rPois   +            (helmet currently unavailable)
rElec   .            (cloak currently unavailable)
rCorr   .            (gloves currently unavailable)
SInv    .            (boots currently unavailable)
Will    +....        l - amulet of magic regeneration
Stlth   +            j - +6 ring of intelligence
HPRegen 0.26/turn    (no ring)
MPRegen 0.48/turn

%: no passive effects
@: lethally poisoned (-2 -> -12), tree-form, enlightened
A: stationary, stasis, torment immunity, boosted hp, (nimble swimmer 2),
(mertail)
a: no special abilities


You were on level 3 of the Dungeon.
You were a tree.
You visited 1 branch of the dungeon, and saw 3 of its levels.

You collected 167 gold pieces.

Inventory:

Hand Weapons
 d - a +2 dagger of venom (weapon)
Armour
 a - a +0 animal skin
 g - a +0 plate armour (melded)
 i - a +0 pair of gloves
Magical Staves
 m - a staff of conjuration
 n - a staff of air
Jewellery
 j - a +6 ring of intelligence (left branch)
 l - an amulet of magic regeneration (around neck)
Talismans
 c - a beast talisman
Scrolls
 e - 3 scrolls of identify {unknown}
 f - a scroll of blinking {unknown}


   Skills:
 + Level 1.9 Fighting
 + Level 0.7 Short Blades
 + Level 0.3 Armour
 - Level 3.1 Dodging
 - Level 3.5 Unarmed Combat
 * Level 4.5 Shapeshifting


You had 2 spell levels left.
You didn't know any spells.
Your spell library was empty.

Dungeon Overview and Level Annotations

Branches:
Dungeon (3/15)

Altars:
Ashenzari

Annotations:
D:3 Robin


Innate Abilities, Weirdness & Mutations

You are a tree.
Your roots penetrate the ground, keeping you stationary.
You cannot be teleported.
You are immune to unholy pain and torment.
Your maximum health is greatly increased.
Your equipment is partially melded.
((You are very nimble when in or above water. (Stealth+, EV+, Speed+++)))
((Your lower body shifts to a powerful aquatic tail in water.))


Message History

* * * LOW HITPOINT WARNING * * *
The hobgoblin hits you.
* * * LOW HITPOINT WARNING * * *
The goblin hits you but does no damage.
It was a potion of curing.
You feel better. The hobgoblin hits you.
* * * LOW HITPOINT WARNING * * *
The rat barely misses you.
The hobgoblin hits you but does no damage.
The goblin barely misses you.
The hobgoblin hits you but does no damage.
The hobgoblin barely misses you. The goblin hits you but does no damage.
You are lethally poisoned!
The goblin barely misses you.
It was a potion of enlightenment.
You feel very buoyant.
You fly up into the air.
* * * LOW HITPOINT WARNING * * *
You feel sick. The hobgoblin barely misses you. The goblin barely misses you.
The rat bites you but does no damage. The goblin hits you but does no damage.
The hobgoblin barely misses you. The hobgoblin closely misses you.
The hobgoblin barely misses you.
The goblin hits you with a +2 dagger of venom.
* * * LOW HITPOINT WARNING * * *
You are more poisoned.
Really quaff the potion of lignification?
Your transformation has ended.
You turn into a tree.
Your +0 plate armour melds into your body.
Your roots penetrate the ground.
* * * LOW HITPOINT WARNING * * *
You feel very sick.
The hobgoblin hits you but does no damage.
The goblin hits you but does no damage. x2
The rat bites you but does no damage. The goblin hits you with a +0 club.
* * * LOW HITPOINT WARNING * * *
The hobgoblin barely misses you.
The hobgoblin hits you but does no damage. x2
Robin hits you but does no damage.
You closely miss the goblin.
You die...

.#...>...##
..........#
..........#
#...:.....#
#.........#
#.........#
#.....ggr.#
#.....g♣g.#
#.....ggg.#
#.....g...#
#.........#
##.......##
##.....##
#######


You could see Robin, 4 hobgoblins, 3 goblins and a rat.

Vanquished Creatures
  A dart slug (D:1)
  4 endoplasms
  7 goblins
  4 hobgoblins
  2 jackals (D:2)
  2 quokkas
  A ball python (D:2)
  3 bats
  3 frilled lizards
  4 kobolds
  2 rats (D:1)
33 creatures vanquished.

Notes
Turn   | Place    | Note
-------+----------+-------------------------------------------
     0 | D:1      | senseless the Merfolk Shapeshifter began the quest for the
                  | Orb.
     0 | D:1      | Reached XP level 1. HP: 15/15 MP: 1/1
   144 | D:1      | Reached XP level 2. HP: 20/21 MP: 2/2
   747 | D:2      | Reached XP level 3. HP: 26/27 MP: 3/3
   829 | D:2      | Found a broken altar of Ashenzari.
  1288 | D:3      | Noticed Robin
  1294 | D:3      | HP: 1/27 [hobgoblin[Robin] (3)]
  1298 | D:3      | Succumbed to a goblin's poison

Illustrated notes

Levels and vault maps discovered:
D:1:      tarquinn_simple_flora_water_e, layout_loops_ring
D:2:      layout_basic, basic_altar, st_stairs_10
D:3:      layout_rooms, uniq_robin, uniq_natasha, uniq_grinder,
          uniq_crazy_yiuf_cottage

Skill      XL: |  1  2 |
---------------+-------+-----
Dodging        | 3 |  3.1
Fighting       | |  1.9
Short Blades   | |  0.7
Armour         | |  0.3
Unarmed Combat | |  3.5
Shapeshifting  | |  4.5

Action                     || total
---------------------------++-------
  Melee: Unarmed           ||    22
         Dagger            ||    50
         Punch             ||     1
    Use: Potion            ||     4
 Armour: Plate armour      ||    68
         Animal skin       ||     1
         Skin              ||     7
  Dodge: Dodged            ||    23

Table legend: (Time is in decaauts)
 A = Elapsed time spent in this place.
 B = Non-inter-level travel time spent in this place.
 C = Inter-level travel time spent in this place.
 D = Time resting spent in this place.
 E = Time spent auto-exploring this place.
 F = Levels seen in this place.
 G = Mean time per level.
                   A        B        C        D        E       F      G
               +--------+--------+--------+--------+--------+-----+--------+
         Total |   1294 |   1201 |     93 |      0 |   1013 |   3 |  431.3 |
       Dungeon |   1294 |   1201 |     93 |      0 |   1013 |   3 |  431.3 |
               +--------+--------+--------+--------+--------+-----+--------+

Top non-repeatable levels by time:
     D:1: 720 daAuts
     D:2: 547 daAuts
     D:3: 27 daAuts
